[Event "*** Titled Tuesday 3|2 Blitz"]
[Site "Chess.com"]
[Date "2015.12.01"]
[Round "6"]
[White "dretch"]
[Black "Boryboy"]
[Result "0-1"]
[WhiteElo "2456"]
[BlackElo "2541"]
[TimeControl "180+2"]
[EndTime "18:12:38 PST"]
[Termination "Boryboy won by checkmate"]

1. d4 e6 2. c4 d5 3. Nc3 Nf6 4. cxd5 exd5 5. Bg5 c6 6. Qc2 Na6 7. a3 Nc7 8. e3 Be7 9. Bd3 h6 10. Bh4 Nh5 11. Bxe7 Qxe7 12. O-O-O Nf6 13. h3 Bd7 14. Nf3 O-O 15. g4 b6 16. g5 hxg5 17. Rdg1 c5 18. Rxg5 Ne6 19. Rg2 Rfc8 20. Rhg1 Kf8 21. Bf5 cxd4 22.
Nxd4 Nxd4 23. exd4 Bxf5 24. Qxf5 Rxc3+ 25. bxc3 Qxa3+ 26. Kd1 Re8 27. Rxg7 Qa1+ 28. Kc2 Re2+ 29. Kd3 Qa6+ 30. c4 Qxc4# 0-1

[Event "*** Titled Tuesday 3|2 Blitz"]
[Site "Chess.com"]
[Date "2015.12.01"]
[Round "6"]
[White "jcibarra"]
[Black "cheese111"]
[Result "1-0"]
[WhiteElo "2516"]
[BlackElo "2213"]
[TimeControl "180+2"]
[EndTime "18:12:58 PST"]
[Termination "jcibarra won by resignation"]

1. e4 d5 2. exd5 Nf6 3. Be2 Nxd5 4. d4 c6 5. Nf3 Bf5 6. O-O e6 7. a3 Qc7 8. Re1 Be7 9. c4 Nf6 10. Nc3 O-O 11. h3 Nbd7 12. Be3 Rfd8 13. b4 a5 14. Qb3 axb4 15. axb4 Qb6 16. c5 Qc7 17. b5 b6 18. bxc6 Qxc6 19. Bb5 Qc7 20. c6 Rxa1 21. Rxa1 Nf8 22. Ra6 Nd5 23. Nxd5 Rxd5 24. Bc4 Rd6 25. Qxb6 Qxb6 26. Rxb6 Bd8 27. Ra6 Be4 28. Bb5 f6 29.
Nd2 Bg6 30. Ra8 Kf7 31. Rxd8 Rxd8 32. Ba6 1-0

[Event "*** Titled Tuesday 3|2 Blitz"]
[Site "Chess.com"]
[Date "2015.12.01"]
[Round "6"]
[White "ntmh281"]
[Black "the_drake"]
[Result "0-1"]
[WhiteElo "2110"]
[BlackElo "2010"]
[TimeControl "180+2"]
[EndTime "18:12:59 PST"]
[Termination "the_drake won on time"]

1. d4 d5 2. Nf3 Nf6 3. c4 e6 4. Nc3 Nbd7 5. Bg5 Bb4 6. e3 c5 7. cxd5 exd5 8. Bd3 Qa5 9. O-O c4 10. Be2 Bxc3 11. bxc3 Qxc3 12. Qa4 a6 13. Rfc1 b5 14. Rxc3 bxa4 15. Bd1 Ne4 16. Ra3 Nb6 17. Bf4 Bd7 18.
Rb1 Bb5 19. Bc7 Nc8 20. Bc2 Kd7 21. Bf4 f6 22. h4 Ncd6 23. Ne1 g5 24. hxg5 fxg5 25.
Be5 Rhc8 26. f3 Nd2 27. Rd1 c3 0-1

[Event "*** Titled Tuesday 3|2 Blitz"]
[Site "Chess.com"]
[Date "2015.12.01"]
[Round "6"]
[White "HansCoolNiemann"]
[Black "Colombiano07"]
[Result "1-0"]
[WhiteElo "2206"]
[BlackElo "2115"]
[TimeControl "180+2"]
[EndTime "18:13:03 PST"]
[Termination "HansCoolNiemann won by resignation"]

1. d4 g6 2. e4 Bg7 3. Nc3 c5 4. dxc5 Bxc3+ 5. bxc3 Qa5 6. Qd4 Nf6 7. Qb4 Nc6 8. Qxa5 Nxa5 9. f3 O-O 10. Be3 d6 11. cxd6 exd6 12. Bd4 Nd7 13. Bd3 b6 14. Ne2 Nc5 15. O-O Be6 16. Nf4 Rac8 17. h4 Na4 18. h5 Nxc3 19. hxg6 hxg6 20. Kf2 Bd7 21. Rh1 f6 22.
Rh6 Kf7 23. Rh7+ Ke8 24. Nxg6 Rg8 25. Ne7 Rf8 26. Nxc8 Bxc8 27. Bxc3 1-0

[Event "*** Titled Tuesday 3|2 Blitz"]
[Site "Chess.com"]
[Date "2015.12.01"]
[Round "6"]
[White "jlandaw"]
[Black "1stSecond"]
[Result "0-1"]
[WhiteElo "2357"]
[BlackElo "2474"]
[TimeControl "180+2"]
[EndTime "18:13:24 PST"]
[Termination "1stSecond won by resignation"]

1. e4 e5 2. Nf3 Nc6 3. Bb5 a6 4. Ba4 Nge7 5. O-O g6 6. d4 exd4 7.
Nxd4 Bg7 8. c3 O-O 9. Bg5 h6 10.
Nxc6 bxc6 11. Bh4 g5 12. Bg3 f5 13. Bb3+ d5 14. exd5 cxd5 15. Bxc7 Qxc7 16. Bxd5+ Nxd5 17. Qxd5+ Kh7 18. Qxa8 Bb7 19. Qa7 Be5 20. Qe3 Bxh2+ 21. Kh1 Bf4 22. Qd3 Qf7 23. Kg1 Qh5 24. Qh3 Qxh3 25.
gxh3 Bf3 26. Na3 g4 27. h4 Rg8 28. Rae1 Kg6 29. Re6+ Kh5 30. Rfe1 g3 31. Rf6 Kg4 32. Ree6 g2 33. Rg6+ Kh3 34. Rg3+ Rxg3 35. fxg3 Bxg3 0-1

[Event "*** Titled Tuesday 3|2 Blitz"]
[Site "Chess.com"]
[Date "2015.12.01"]
[Round "6"]
[White "chessbia"]
[Black "UltimateCrusher2"]
[Result "0-1"]
[WhiteElo "2086"]
[BlackElo "2030"]
[TimeControl "180+2"]
[EndTime "18:13:40 PST"]
[Termination "UltimateCrusher2 won by resignation"]

1. d4 g6 2. c4 Bg7 3. Nc3 c5 4. e3 Nf6 5. Nf3 b6 6. d5 O-O 7. Be2 e6 8. O-O exd5 9. cxd5 Re8 10. a3 d6 11. Re1 a6 12. Nd2 b5 13. e4 Nbd7 14.
f3 c4 15. Nf1 Nc5 16. Be3 Nb3 17.
Ra2 Nd7 18. a4 b4 19. Nb1 Qc7 20. Nfd2 Nxd2 21. Nxd2 c3 22. bxc3 bxc3 23. Nc4 Ne5 24. Bb6 Qb7 25. a5 Nxc4 26. Bxc4 Bd7 27. Qd3 Rec8 28. Rb1 Rxc4 29. Qxc4 Bb5 30. Rxb5 axb5 31. Qxb5 Bd4+ 32. Kf1 Bxb6 33. a6 Qc7 34. Rc2 Qc5 35. Qb3 Rxa6 36. Qxc3 Qg1+ 37. Ke2 Qf2+ 38. Kd3 Qe3+ 39. Kc4 Qc5+ 40. Kd3 Ra3 0-1

[Event "*** Titled Tuesday 3|2 Blitz"]
[Site "Chess.com"]
[Date "2015.12.01"]
[Round "6"]
[White "DanielNaroditsky"]
[Black "MisaPap"]
[Result "1-0"]
[WhiteElo "2557"]
[BlackElo "2403"]
[TimeControl "180+2"]
[EndTime "18:13:44 PST"]
[Termination "DanielNaroditsky won by resignation"]

1. d4 Nf6 2. c4 c5 3. e3 e6 4. Nc3 a6 5. Nf3 d5 6. a3 Nc6 7. dxc5 Bxc5 8. b4 Bd6 9. Bb2 O-O 10.
cxd5 exd5 11. Be2 Re8 12. O-O Be6 13. Rc1 Rc8 14. g3 Bh3 15. Re1 Bb8 16. Na4 Ba7 17.
Nc5 Qe7 18. Nd4 Ne5 19. f4 Nc6 20. Bf3 Ne4 21. Bxe4 dxe4 22. Qh5 Nxd4 23. Bxd4 Bxc5 24. Qxh3 Bxd4 25. Rxc8 Bb6 26. Qf5 g6 27. Rxe8+ Qxe8 28. Qd5 Qe7 29. Kf2 h5 30. Rc1 Qf6 31. Rc8+ Kg7 32.
Qe5 Qxe5 33. fxe5 h4 34. gxh4 1-0

[Event "*** Titled Tuesday 3|2 Blitz"]
[Site "Chess.com"]
[Date "2015.12.01"]
[Round "6"]
[White "Fandorine"]
[Black "Tirantes"]
[Result "1-0"]
[WhiteElo "2537"]
[BlackElo "2260"]
[TimeControl "180+2"]
[EndTime "18:14:03 PST"]
[Termination "Fandorine won by resignation"]

1. e4 c6 2. d3 d5 3. Nd2 g6 4. Ngf3 Bg7 5. g3 e5 6. Bg2 Ne7 7. O-O O-O 8. Re1 Nd7 9. b3 Qc7 10. Bb2 d4 11. c3 dxc3 12. Bxc3 Rd8 13. Rc1 b6 14. Qc2 Ba6 15. b4 Nf8 16. Qb2 Rxd3 17. Bf1 f6 18. Bxd3 Bxd3 19. Bxe5 fxe5 20. Qb3+ Kh8 21.
Qxd3 Ne6 22. Qc4 Qd7 23. Rcd1 c5 24. bxc5 bxc5 25. Nb3 Nd4 26. Ng5 h6 27. Nxc5 Qc6 28. Nf7+ Kh7 29. Nxe5 Bxe5 30. Rxd4 Bxd4 31. Qxd4 Rf8 32.
Rc1 Qf6 33. Qxf6 Rxf6 34. Nd3 Kg8 35. Rc7 Re6 36. Nc5 Re5 37. f4 1-0

[Event "*** Titled Tuesday 3|2 Blitz"]
[Site "Chess.com"]
[Date "2015.12.01"]
[Round "6"]
[White "flubs"]
[Black "oskariot"]
[Result "1-0"]
[WhiteElo "2178"]
[BlackElo "2228"]
[TimeControl "180+2"]
[EndTime "18:14:13 PST"]
[Termination "flubs won by resignation"]

1. d4 Nf6 2. c4 c5 3. Nf3 cxd4 4.
Nxd4 g6 5. Nc3 Bg7 6. g3 Nc6 7. Bg2 O-O 8. O-O Qa5 9. Ncb5 a6 10. Bd2 Qb6 11. Nxc6 dxc6 12. Nc3 Qxb2 13. Rb1 Qa3 14. Rb3 Qc5 15. Na4 Qh5 16. Nb6 Rb8 17. Bb4 Bh3 18. Bxe7 Ng4 19. f3 Bxg2 20. fxg4 Qh3 21. Bxf8 Bxf1 22. Qxf1 Qxf1+ 23. Kxf1 Bxf8 24. Nd7 Rd8 25. Rxb7 Bd6 26. c5 Be7 27. e4 f6 28. Ke2 Kf7 29. e5 fxe5 30. Nxe5+ Ke6 31. Rxe7+ Kxe7 32. Nxc6+ Kd7 33.
Nxd8 Kxd8 34. Kd3 Kc7 35. Kc4 Kc6 36. h4 1-0

[Event "*** Titled Tuesday 3|2 Blitz"]
[Site "Chess.com"]
[Date "2015.12.01"]
[Round "6"]
[White "Gabrinsky"]
[Black "AdrianaNikolova"]
[Result "1-0"]
[WhiteElo "2345"]
[BlackElo "2182"]
[TimeControl "180+2"]
[EndTime "18:14:35 PST"]
[Termination "Gabrinsky won by resignation"]

1. e4 c5 2. Nf3 Nc6 3. d4 cxd4 4. Nxd4 Nf6 5. Nc3 d6 6. Be3 e5 7. Nf3 Be6 8. Be2 h6 9. Qd2 Be7 10. O-O O-O 11. Rfd1 Ng4 12. h3 Nxe3 13. Qxe3 Qa5 14. a3 a6 15. Nd5 Bxd5 16. Rxd5 Qc7 17. Rad1 Rfd8 18. Bc4 Na5 19. Bb3 Nxb3 20. Qxb3 Rac8 21. c3 Bf8 22. Ne1 Qc4 23. Qxc4 Rxc4 24. f3 Rdc8 25. Nc2 R4c5 26. Ne3 Rxd5 27. Nxd5 f6 28. g4 Kf7 29. Kf2 Ke6 30. Ke3 g6 31. Kd3 Rc5 32. b4 Rc6 33. c4 b5 34. Rc1 Be7 35.
Rc2 Kd7 36. cxb5 Rxc2 37. Kxc2 axb5 38. Kb3 Bd8 39. a4 bxa4+ 40. Kxa4 Kc6 41. Kb3 f5 42. Kc4 fxe4 43. fxe4 Bg5 44. b5+ Kb7 45. b6 Kc6 46. Nb4+ Kxb6 47. Kd5 Kb5 48. Nc6 Bc1 49. Kxd6 Ba3+ 50.
Kd5 h5 51. Nxe5 hxg4 52. hxg4 g5 53. Nf7 Bc1 54. e5 Kb6 55. Kd6 Bf4 56. Kd7 Bxe5 57. Nxe5 Kc5 58. Ke6 Kd4 59. Kf5 Kd5 60. Nf7 Kc6 61.
Nxg5 Kd7 62. Nf3 Ke8 63. Ne5 Kf8 64. g5 Kg8 65. Kf6 Kf8 66. g6 Kg8 67. g7 Kh7 68. Kf7 Kh6 69. g8=Q 1-0

[Event "*** Titled Tuesday 3|2 Blitz"]
[Site "Chess.com"]
[Date "2015.12.01"]
[Round "6"]
[White "ArnaudovP"]
[Black "ChadaevNikolay"]
[Result "1-0"]
[WhiteElo "2338"]
[BlackElo "2532"]
[TimeControl "180+2"]
[EndTime "18:14:43 PST"]
[Termination "ArnaudovP won by checkmate"]

1. Nf3 Nf6 2. c4 g6 3. Nc3 Bg7 4. e4 O-O 5. d4 d6 6. h3 Nc6 7.
d5 Nb4 8. Be3 e6 9. a3 Na6 10.
Bd3 Re8 11. O-O c6 12. Qd2 cxd5 13. cxd5 exd5 14. exd5 Nc7 15. Bc2 Bd7 16. Rad1 Nb5 17. Nxb5 Bxb5 18. Rfe1 a6 19. b3 Ne4 20. Bxe4 Rxe4 21. Bd4 Rxe1+ 22. Rxe1 Rc8 23. Qf4 Bxd4 24. Qxd4 Rc7 25. Re3 h6 26. Nd2 Rc1+ 27. Kh2 Rd1 28. a4 Bd7 29. Re2 Qg5 30. h4 Qd8 31. Qf4 Bf5 32. Nf3 Kg7 33. Rd2 Rxd2 34. Nxd2 Qf6 35. Nc4 Bc2 36. Qg3 Qd4 37. Nxd6 Qxd5 38. Qc3+ Kh7 39.
Ne8 Qxb3 40. Qg7# 1-0

[Event "*** Titled Tuesday 3|2 Blitz"]
[Site "Chess.com"]
[Date "2015.12.01"]
[Round "6"]
[White "Dlugy"]
[Black "Yaacovn"]
[Result "1-0"]
[WhiteElo "2538"]
[BlackElo "2618"]
[TimeControl "180+2"]
[EndTime "18:14:59 PST"]
[Termination "Dlugy won by resignation"]

1. d4 Nf6 2. Bf4 e6 3. e3 Bd6 4. Bxd6 cxd6 5. c4 d5 6. cxd5 Nxd5 7. e4 Nf6 8. Nc3 d6 9. Nf3 O-O 10. Bd3 Nc6 11. O-O Qb6 12. Na4 Qa5 13. a3 Bd7 14. b4 Qh5 15. Nc3 Rac8 16. Rc1 a6 17. Re1 Ne7 18. Ne2 Rxc1 19. Qxc1 Rc8 20. Qf4 e5 21. Qd2 Ng6 22. Ng3 Qh6 23. Qxh6 gxh6 24. dxe5 dxe5 25. Ne2 Bg4 26. Rc1 Rxc1+ 27. Nxc1 Bxf3 28. gxf3 Nf4 29. Bc4 Kf8 30. a4 Ke7 31. Nb3 Kd6 32. Nc5 Kc6 33. Bxf7 a5 34. Bc4 axb4 35. Nb3 b6 36. Kf1 Kc7 37. Bb5 Nd7 38. Bxd7 Kxd7 39. Ke1 Nd3+ 40. Kd2 Nc5 41. Nxc5+ bxc5 42. a5 Kc6 43. f4 exf4 44. e5 c4 45. e6 Kd6 46.
a6 1-0

[Event "*** Titled Tuesday 3|2 Blitz"]
[Site "Chess.com"]
[Date "2015.12.01"]
[Round "6"]
[White "alex_zapata"]
[Black "Alliswell998"]
[Result "0-1"]
[WhiteElo "2161"]
[BlackElo "2142"]
[TimeControl "180+2"]
[EndTime "18:15:01 PST"]
[Termination "Alliswell998 won by resignation"]

1. e4 c5 2. Nf3 d6 3. d4 cxd4 4. Nxd4 Nf6 5. Nc3 a6 6. Bg5 e6 7. f4 Be7 8. Qf3 h6 9. Bh4 Nbd7 10. Bc4 g5 11. Bf2 gxf4 12. O-O-O Ne5 13. Qe2 b5 14. Bb3 b4 15. Na4 Bb7 16. Nf3 Nxf3 17. gxf3 Nd7 18. Bd4 Bf6 19. Bxf6 Nxf6 20. Nc5 Bc6 21. Nd3 Bb5 22. e5 dxe5 23. Qxe5 Qe7 24. Nxf4 Rg8 25. Rhe1 Nd7 26. Qc7 Nc5 27. Qxe7+ Kxe7 28. Nd5+ Kf8 29.
Nxb4 Rg2 30. Rd2 Rxd2 31. Kxd2 a5 32. Nd3 Rd8 33. Re5 Nxd3 34. Rxb5 Nxb2+ 35. Kc1 Nd1 36.
Rxa5 Nc3 37. a4 Ke7 38. Ra7+ Kf6 39. a5 Nb5 40. Rb7 Nd4 41. a6 Ra8 42. Bc4 Nxf3 43. Kb2 Ne5 44. Bf1 Nc6 45. Kb3 Na5+ 46. Ka4 Nxb7 0-1

[Event "*** Titled Tuesday 3|2 Blitz"]
[Site "Chess.com"]
[Date "2015.12.01"]
[Round "6"]
[White "JustaTrickstar"]
[Black "yopino"]
[Result "1-0"]
[WhiteElo "2468"]
[BlackElo "2222"]
[TimeControl "180+2"]
[EndTime "18:15:33 PST"]
[Termination "JustaTrickstar won by resignation"]

1. d4 Nf6 2. c4 e6 3. Nc3 Bb4 4. Qc2 Nc6 5. Nf3 d6 6. Bd2 O-O 7. a3 Bxc3 8. Bxc3 Qe7 9. g3 a5 10. Bg2 a4 11. O-O e5 12. d5 Nb8 13. Nh4 Bd7 14.
Nf5 Bxf5 15. Qxf5 Qd7 16. Qc2 Na6 17. f4 Ng4 18. Bh3 Ne3 19. Bxd7 Nxc2 20. Rac1 Ne3 21. Rf3 Nxc4 22. Bxa4 Nc5 23. Bb5 e4 24. Rf2 Ne3 25. Bd4 Nxd5 26. Bxc5 dxc5 27. Rxc5 c6 28. Bc4 Rfd8 29. Bxd5 Rxd5 30. Rxd5 cxd5 31. e3 Kf8 32. Rc2 Re8 33. Rc5 Rd8 34. Rc7 d4 35. Kf2 d3 36.
Ke1 f5 37. Kd2 Rd6 38. Rc5 g6 39. Rb5 Rc6 40. Rxb7 Rc2+ 41. Kd1 Rxh2 42. a4 Re2 43. a5 Rxe3 44. a6 Rxg3 45. a7 Rg1+ 46. Kd2 Ra1 47. Rb8+ Kg7 48. a8=Q Rxa8 49. Rxa8 Kh6 50.
Ra7 Kh5 51. Rxh7+ Kg4 52. Rg7 Kf3 53. Rxg6 e3+ 54. Kxd3 Kf2 55. Re6 1-0

[Event "*** Titled Tuesday 3|2 Blitz"]
[Site "Chess.com"]
[Date "2015.12.01"]
[Round "6"]
[White "Po6Don"]
[Black "StellarChessPro"]
[Result "0-1"]
[WhiteElo "2050"]
[BlackElo "2260"]
[TimeControl "180+2"]
[EndTime "18:15:33 PST"]
[Termination "StellarChessPro won on time"]

1. e4 c6 2. d4 d5 3. e5 Bf5 4.
Nf3 e6 5. Nbd2 Nd7 6. Be2 Ne7 7. O-O h6 8. Nb3 Bh7 9. Bd2 Ng6 10. Rc1 Be7 11. c4 dxc4 12. Bxc4 O-O 13. Qe1 Rc8 14. Bd3 c5 15. Qe4 cxd4 16. Rxc8 Qxc8 17. Rc1 Qb8 18.
Nbxd4 Ndxe5 19. Nxe5 Qxe5 20. Qxe5 Nxe5 21. Bxh7+ Kxh7 22.
Rc7 Rd8 23. Bc3 Rd7 24. Rxd7 Nxd7 25. Kf1 a6 26. a4 g6 27. Ke2 e5 28. Nc2 Kg8 29. Ne3 Kf8 30. Ng4 Bd6 31. Nxh6 f5 32.
g4 Kg7 33. Bd2 f4 34. g5 Nc5 35. Bb4 Ne4 36. f3 Bxb4 37. fxe4 Be7 38. h4 Bc5 39. Kf3 Bd4 40. b3 Kf8 41. Ng4 Kf7 42. Nf6 Ke6 43.
Nh7 Bc3 44. Nf8+ Kf7 45. Nd7 a5 46. Nc5 b6 47. Nd7 Bd4 48. Nf6 Ke6 49. Nd5 Kd6 50.
h5 gxh5 51. g6 Ke6 52. Kg2 Bc5 0-1

[Event "*** Titled Tuesday 3|2 Blitz"]
[Site "Chess.com"]
[Date "2015.12.01"]
[Round "6"]
[White "Assasin14"]
[Black "ethylalcohol"]
[Result "0-1"]
[WhiteElo "1891"]
[BlackElo "1980"]
[TimeControl "180+2"]
[EndTime "18:15:44 PST"]
[Termination "ethylalcohol won by checkmate"]

1. e4 e5 2. Nf3 Nc6 3. Bb5 Nf6 4. Qe2 Be7 5. O-O O-O 6. c3 d6 7. Rd1 Bg4 8. h3 Bh5 9. d3 h6 10. g4 Bg6 11. Nbd2 Nh7 12. Nf1 Ng5 13. Kg2 Nxf3 14. Qxf3 Bg5 15. Be3 Nb8 16. Ng3 c6 17. Ba4 Nd7 18. Nf5 Bxe3 19. fxe3 Nc5 20. Bc2 Qf6 21.
Rh1 Ne6 22. Raf1 Rad8 23. h4 d5 24. d4 exd4 25. cxd4 dxe4 26. Bxe4 c5 27. d5 Nc7 28. d6 Nb5 29. Bxb7 Nxd6 30. Nxh6+ Kh7 31. Qxf6 gxf6 32.
Bf3 Kxh6 33. g5+ Kg7 34. gxf6+ Kxf6 35. h5 Bf5 36. e4 Be6 37. Bg4+ Ke7 38. Bxe6 fxe6 39.
e5 Nf5 40. h6 Ne3+ 41. Kg3 Nxf1+ 42. Rxf1 Rxf1 43. Kg2 Rfd1 44. Kg3 Rh8 45. Kg4 Rxh6 46. Kf4 Rh4+ 47. Ke3 Rg1 48. Ke2 Rg3 49. Kd2 Rh2+ 50. Kd1 Rg1# 0-1

[Event "*** Titled Tuesday 3|2 Blitz"]
[Site "Chess.com"]
[Date "2015.12.01"]
[Round "6"]
[White "kungmongmanh"]
[Black "ItalianMachine"]
[Result "0-1"]
[WhiteElo "2369"]
[BlackElo "2234"]
[TimeControl "180+2"]
[EndTime "18:16:04 PST"]
[Termination "ItalianMachine won by checkmate"]

1. d4 Nf6 2. c4 e6 3. Nc3 Bb4 4. Qc2 O-O 5. e3 d6 6. Ne2 b6 7. a3 Bxc3+ 8. Nxc3 Bb7 9. Bd2 Nbd7 10. Bd3 Qe7 11. O-O e5 12. d5 Rfe8 13. e4 h6 14. b4 Nh5 15. g3 Nf8 16. Be2 Nf6 17. Rfd1 Ng6 18. Rac1 a5 19. c5 axb4 20. axb4 bxc5 21. bxc5 Ba6 22. Bxa6 Rxa6 23. cxd6 cxd6 24. Ne2 Qd7 25. Kg2 Ra4 26. f3 Rea8 27. Qc6 Qd8 28. Qc7 Qf8 29. Rc6 Ne8 30. Qb7 Ne7 31. Rc2 f5 32. Nc3 R4a7 33.
Qb5 Rb8 34. Qxb8 Rc7 35. Qb5 Qf7 36. Qd3 Nf6 37. Rf1 Qh5 38. exf5 Nxf5 39. Ne4 Rxc2 40. Qxc2 Nxd5 41. Qb3 Qf7 42. Qd3 Nd4 43. Rf2 g5 44. Nxd6 Qe6 45. Nc4 Kg7 46. Bc3 Nxc3 47. Qxc3 g4 48.
fxg4 Qd5+ 49. Kf1 Qh1# 0-1

[Event "*** Titled Tuesday 3|2 Blitz"]
[Site "Chess.com"]
[Date "2015.12.01"]
[Round "6"]
[White "Iball95"]
[Black "gmjoey1"]
[Result "1-0"]
[WhiteElo "2428"]
[BlackElo "2420"]
[TimeControl "180+2"]
[EndTime "18:16:11 PST"]
[Termination "Iball95 won by resignation"]

1. e4 c6 2. d4 d5 3. Nc3 dxe4 4. Nxe4 Bf5 5. Nc5 e5 6. Nxb7 Qb6 7. Nc5 exd4 8. Nb3 c5 9. Bd3 Be6 10. Nd2 Nc6 11.
Ngf3 Nf6 12. O-O Be7 13. Nc4 Qc7 14. b3 O-O 15. Re1 Nd5 16. Bd2 Rfe8 17. Nfe5 Nxe5 18. Nxe5 Bf6 19. Nc4 Nc3 20. Qf3 Rad8 21. a4 Qc8 22. h3 Qd7 23. Qh5 g6 24. Qxc5 Bd5 25. Rxe8+ Rxe8 26. Re1 Rxe1+ 27. Bxe1 Qe6 28. Bxc3 dxc3 29. Qxa7 Qe1+ 30.
Bf1 Qc1 31. Ne3 Be4 32. Qa6 Kg7 33. Qe2 h5 34. a5 Bd4 35. a6 Qd2 36. Qxd2 cxd2 37.
Be2 Bxe3 38. fxe3 Bxc2 39. a7 Be4 40. Kf2 Kf6 41. Bd1 Ke5 42. h4 Kd6 43. g3 Kc7 44.
Ke2 Kb6 45. Kxd2 Kxa7 46. Kc3 Kb6 47. Kd4 Bf5 48. Ke5 Kb5 49. Be2+ Kb4 50. Bc4 Kc3 51. Bxf7 Kd2 52. e4 1-0

[Event "*** Titled Tuesday 3|2 Blitz"]
[Site "Chess.com"]
[Date "2015.12.01"]
[Round "6"]
[White "Konavets"]
[Black "HustleStandard"]
[Result "0-1"]
[WhiteElo "2492"]
[BlackElo "2398"]
[TimeControl "180+2"]
[EndTime "18:16:17 PST"]
[Termination "HustleStandard won by resignation"]

1. e4 e5 2. Nf3 Nc6 3. Bb5 Nf6 4. O-O Nxe4 5. Re1 Nd6 6. Nxe5 Be7 7. Bd3 Nxe5 8. Rxe5 O-O 9. Nc3 Bf6 10. Re3 Re8 11. Nd5 Re6 12. Qh5 h6 13. Rg3 Kf8 14. Bf1 Re5 15. Qf3 Rf5 16. Qb3 b6 17. d4 Bb7 18.
Ne3 Rh5 19. c3 Ne4 20. Rg4 Qe7 21. Qd1 Rg5 22. Rf4 Re8 23. Qf3 Nd6 24. Qh3 Qe6 25.
Ng4 Bd8 26. Ne3 Qxh3 27. g3 Qh5 28. Bd2 Qg6 29. Re1 Re4 30. Bd3 Rxe3 31. Rxe3 Qh5 32. Be2 Qh3 33. Bf1 Qh5 34. Be2 Qg6 35. Bd3 f5 36. h3 Qf7 37. Kh2 Rg6 38. c4 Re6 39. h4 Rxe3 40. Bxe3 Bf6 41. c5 Qd5 42. f3 Nc4 43. Bf2 Nxb2 44. Bb1 Nd1 45. Bg1 bxc5 46. Rxf5 Qc4 47. Rxc5 Qe2+ 48. Kh3 Bxf3 0-1

[Event "*** Titled Tuesday 3|2 Blitz"]
[Site "Chess.com"]
[Date "2015.12.01"]
[Round "6"]
[White "JustKid"]
[Black "bugsbunny444"]
[Result "0-1"]
[WhiteElo "2102"]
[BlackElo "2348"]
[TimeControl "180+2"]
[EndTime "18:16:17 PST"]
[Termination "bugsbunny444 won by resignation"]

1. d4 e6 2. c4 b6 3. Nf3 Bb7 4. g3 Bb4+ 5. Bd2 Bxf3 6. exf3 Bxd2+ 7. Qxd2 c6 8. Bg2 d5 9. O-O Ne7 10. b3 O-O 11. Nc3 Qd6 12. f4 Nd7 13. Rac1 Rfd8 14. Rfd1 Nf6 15. h3 Rac8 16. Qe2 Nf5 17. c5 bxc5 18.
dxc5 Qb8 19. Nb1 Re8 20. Re1 Nd7 21. Qd3 g6 22. Nd2 Qb4 23. Qc2 a5 24. Nf3 Nd4 25. Nxd4 Qxd4 26. a3 Rb8 27. Red1 Qf6 28. Rb1 Rb5 29. b4 axb4 30. axb4 Reb8 31. Qa4 Nxc5 32. Qc2 Qf5 33. Qc3 Ne4 34. Qxc6 Rxb4 35. Rxb4 Rxb4 36. Qc2 Rc4 37. Qd3 Qf6 38. Bxe4 Rxe4 39. Rc1 Kg7 40.
Kg2 h5 41. Qc3 Qxc3 42. Rxc3 Re2 43. Kf3 Ra2 44. Rc7 Kf6 45. Rb7 Ra3+ 46. Ke2 Ra2+ 47. Ke3 Ra3+ 48. Ke2 h4 49. Rb8 hxg3 50. fxg3 Rxg3 51.
Rh8 Kf5 52. Rh6 Kxf4 53. Rh7 f6 54. Rf7 Kf5 55. Rxf6+ Kxf6 0-1

[Event "*** Titled Tuesday 3|2 Blitz"]
[Site "Chess.com"]
[Date "2015.12.01"]
[Round "6"]
[White "Kacparov"]
[Black "adypady02"]
[Result "1-0"]
[WhiteElo "2546"]
[BlackElo "2499"]
[TimeControl "180+2"]
[EndTime "18:16:27 PST"]
[Termination "Kacparov won by resignation"]

1. e4 e5 2. Nf3 Nc6 3. Bc4 Nf6 4. d3 Bc5 5. c3 d6 6. Bb3 a6 7. Nbd2 O-O 8. h3 h6 9. Nh2 d5 10. Qf3 Be6 11. Bc2 Qd7 12. Ndf1 Rad8 13. Ng3 Qe7 14. Ng4 Nh7 15. Nf5 Bxf5 16. Qxf5 Qe6 17. Qf3 f5 18. exf5 Rxf5 19. Qe2 Bb6 20. O-O Rdf8 21. d4 e4 22. Ne3 R5f7 23. Qg4 Qd6 24. b4 Ne7 25. a4 c6 26. Ba3 Bc7 27. g3 b5 28. axb5 axb5 29.
h4 Rf3 30. Bd1 R3f6 31. Bc1 Rg6 32. Qh3 Nf6 33. Bd2 Nd7 34. Bg4 Nb6 35. Ra7 Rgf6 36. Ng2 Bb8 37. Rb7 Qd8 38. Bf4 Bd6 39. Be6+ Kh8 40.
Bg5 Rf3 41. Bg4 Rxc3 42. Nf4 Rxf4 43. Bxf4 Bxf4 44. Be2 Bd6 45. Qe6 Ng8 46. Qf7 Qf6 47. Qxf6 Nxf6 48. Rxb6 Bxb4 49. Ra1 Kh7 50. Raa6 Rc2 51.
Kf1 Bc3 52. Rxc6 Rc1+ 53. Kg2 b4 54. Rab6 Re1 55. Ba6 Bxd4 56. Rxb4 Be5 57. Bc8 Kg6 58. g4 h5 59. Bf5+ Kf7 60. Rb7+ Kf8 61. Rc8+ Ne8 62.
Bg6 1-0

[Event "*** Titled Tuesday 3|2 Blitz"]
[Site "Chess.com"]
[Date "2015.12.01"]
[Round "6"]
[White "gumersindo"]
[Black "Gabrielian_Artur"]
[Result "0-1"]
[WhiteElo "2199"]
[BlackElo "2445"]
[TimeControl "180+2"]
[EndTime "18:16:31 PST"]
[Termination "Gabrielian_Artur won by checkmate"]

1. d4 Nf6 2. c4 c5 3. d5 e6 4. Nc3 exd5 5. cxd5 d6 6. e4 g6 7. Bd3 Bg7 8. h3 O-O 9. Nf3 Nh5 10. O-O a6 11. a4 Nd7 12. Bg5 Bf6 13.
Bxf6 Qxf6 14. Re1 Nf4 15. Bf1 Ne5 16. Nxe5 Qxe5 17. g3 Nxh3+ 18. Bxh3 Bxh3 19. f4 Qd4+ 20. Qxd4 cxd4 21. Ne2 d3 22. Nc3 Bg4 23. Re3 d2 24. Rd3 b5 25. axb5 axb5 26. Rxa8 Rxa8 27. Rxd2 Bd7 28. e5 dxe5 29. fxe5 Kf8 30. Ne4 b4 31. Nc5 Bb5 32. Rd4 Rc8 33. Ne4 Rc1+ 34. Kf2 Rc2+ 35.
Rd2 b3 36. Ke3 Rc1 37. Nd6 Bd7 38. Rd3 Ke7 39. Rxb3 f6 40. Ne4 fxe5 41. d6+ Ke6 42. Ng5+ Kxd6 43. Nxh7 Re1+ 44. Kf2 Rh1 45. Ng5 Bc6 46. Rd3+ Ke7 47. b4 Rb1 48. Rc3 Bd5 49. Rc5 Kd6 50. Nh7 Rb2+ 51. Ke3 Rb3+ 52. Kf2 Rxb4 53. Rc2 Rb7 54. Ng5 e4 55. Rd2 Ke5 56. Nh3 Rb3 57. Re2 Rf3+ 58. Kg2 e3 59. Kh2 Bc4 60. Re1 e2 61. Kg2 Rf1 62. Ng1 Bd5+ 63. Kh3 Rxe1 64. Nf3+ Bxf3 65. g4 Kf4 66. Kh4 Rh1# 0-1

[Event "*** Titled Tuesday 3|2 Blitz"]
[Site "Chess.com"]
[Date "2015.12.01"]
[Round "6"]
[White "Viaje"]
[Black "Penguininja"]
[Result "1-0"]
[WhiteElo "2189"]
[BlackElo "2166"]
[TimeControl "180+2"]
[EndTime "18:16:46 PST"]
[Termination "Viaje won by resignation"]

1. d4 d5 2. c4 c6 3. Nf3 Nf6 4. Qc2 dxc4 5. e4 Bg4 6. Be3 Nbd7 7. Bxc4 Bxf3 8. gxf3 e5 9. Nc3 Bd6 10. O-O-O Qc7 11.
Ne2 O-O 12. Kb1 a5 13. Rdg1 Kh8 14. h4 b5 15. Bd3 c5 16. dxc5 Nxc5 17. Bxb5 Rab8 18.
a4 Qe7 19. Ng3 Ne6 20. Nf5 Qd8 21. Rd1 Nd4 22. Bxd4 exd4 23. Rxd4 Qc7 24. Rxd6 Qb7 25. Rxf6 gxf6 26. Qc3 Qb6 27. Rc1 Rbd8 28. e5 Qe6 29. Nd4 Qxe5 30. Nc6 Qf5+ 31. Ka2 Rc8 32. Rd1 Qe6+ 33.
Ka1 Rc7 34. Re1 Qd6 35. Re4 Rfc8 36. Rc4 Qd1+ 37. Ka2 Qd6 38. Qxa5 Qe6 39. Qc3 Rxc6 40.
Bxc6 Rxc6 41. b3 Qe2+ 42. Ka3 Qe7+ 43. Qb4 Rd6 44. Rc8+ Kg7 45. Qg4+ Kh6 46. Qf4+ Kh5 47. Qg4+ Kh6 48. Qf4+ Kh5 49. Qb4 Qe5 50. Rc5 Rd5 51. Rxd5 Qxd5 52. Qg4+ Kh6 53. Qf4+ Kh5 54. Qxf6 Qd1 55.
Qxf7+ Kxh4 56. Qxh7+ Kg5 57. Qe4 Qa1+ 58. Kb4 Qh8 59.
f4+ Kg4 60. a5 Qb8+ 61. Ka4 Qc7 62. b4 Qc3 63. f5+ Kg5 64. a6 Qa1+ 65. Kb5 Kf6 66. Qe6+ Kg7 67. Qe7+ Kh6 68. a7 Qf1+ 69. Kb6 Qxf2+ 70.
Qc5 Qf3 71. Qc6+ 1-0